 Dungeon Crawl Stone Soup version 0.20.1-1-g8b1a95d (webtiles) character file.

4715 Schiappus the Cleaver (level 10, -1/115 HPs)
             Began as a Red Draconian Berserker on Dec 1, 2017.
             Was a High Priest of Trog.
             Succumbed to a queen bee's poison
             ... on level 8 of the Dungeon.
             The game lasted 00:35:09 (9148 turns).

Schiappus the Cleaver (Red Draconian Berserker)     Turns: 9148, Time: 00:35:10

Health: -1/115     AC:  8    Str: 27    XL:     10   Next: 22%
Magic:  28/28      EV: 15    Int:  7    God:    Trog [*****.]
Gold:   365        SH:  6    Dex: 12    Spells: 9/9 levels left

rFire    + . .     SeeInvis .   H - +0 broad axe
rCold    . . .     Gourm    .   y - +2 buckler
rNeg     . . .     Faith    .   (armour unavailable)
rPois    .         Spirit   .   (helmet restricted)
rElec    .         Reflect  .   A - +0 cloak
rCorr    .         Harm     .   (no gloves)
MR       .....                  (no boots)
Stlth    ..........             m - amulet of magic regeneration
Regen    0.3/turn               r - ring of magical power
MPRegen  0.4/turn               w - ring of magical power

@: berserking (expiring), lethally poisoned (-1 -> -23), starving, very quick
A: breathe fire, unfitting armour, antennae 1, stinger 1, talons 1, fire
resistance 1, frail 1, cold-blooded, AC +7
a: Breathe Fire, Berserk, Trog's Hand, Brothers in Arms, Burn Spellbooks,
Renounce Religion


You were on level 8 of the Dungeon.
You worshipped Trog.
Trog was extremely pleased with you.
You were starving.

You visited 2 branches of the dungeon, and saw 9 of its levels.
You also visited: Sewer.

You collected 365 gold pieces.

Inventory:

Hand Weapons
 q - the +4 trident "Dinwar Fewku" {drain, rC+}
   (You found it on level 6 of the Dungeon)

   A truly terrible weapon, it drains the life of those it strikes.
   It protects you from cold.
 H - a +0 broad axe (weapon)
 J - the cursed +0 falchion of Governance {flame, *Noise rElec MP+9 Str+8, unknown}
   (You found it on level 8 of the Dungeon)

   It has been specially enchanted to burn those struck by it, causing extra
   injury to most foes and up to half again as much damage against particularly
   susceptible opponents.
   Big, fiery blades are also staple armaments of hydra-hunters.
   It affects your strength (+8).
   It insulates you from electricity.
   It affects your magic capacity (+9).
   It may make noises in combat.
   It has a curse placed upon it.
 K - the +5 morningstar of Jebuiredgh {antimagic, +Inv rF+, unknown}
   (You found it on level 8 of the Dungeon)

   It reduces the magical energy of the wielder, and disrupts the spells and
   magical abilities of those hit.
   Natural abilities and divine invocations are not affected.
   It protects you from fire.
   It lets you turn invisible.
Armour
 y - a +2 buckler (worn)
 A - a +0 cloak (worn)
Jewellery
 m - an amulet of magic regeneration (around neck)
 r - a ring of magical power (left hand)
 w - a ring of magical power (right hand)
Wands
 j - a wand of lightning (7/15)
 l - a wand of lightning (8/15)
 p - a wand of digging (20/24)
 B - a wand of lightning (8/15)
 C - a wand of polymorph (9/24)
Scrolls
 a - a scroll of fear
 c - 3 scrolls of recharging
 d - 5 scrolls of teleportation
 i - a scroll of blinking
 n - 2 scrolls of fog
 t - a scroll of identify
 x - 2 scrolls of magic mapping
 E - a scroll of brand weapon
 F - 2 scrolls of remove curse
 G - a scroll of enchant armour
Potions
 e - 2 potions of flight
 g - 7 potions of curing
 h - 6 potions of agility
 k - 2 potions of magic
 s - 6 potions of heal wounds
 u - 2 potions of might
 z - 2 potions of brilliance
 D - 2 potions of haste
 I - a potion of cancellation
Comestibles
 b - 6 bread rations
 f - 13 fruits
 v - 4 meat rations


   Skills:
 + Level 7.3 Fighting
 + Level 10.6(10.8) Axes
 + Level 2.9(7.4) Polearms
 + Level 6.8 Dodging
 + Level 3.9 Stealth
 + Level 3.1 Shields


You had 9 spell levels left.
You didn't know any spells.

Dungeon Overview and Level Annotations

Branches:
Dungeon (8/15)             Temple (1/1) D:5
   Lair: D:8-11

Altars:
Ashenzari
Cheibriados
Dithmenos
Elyvilon
Fedhas
Gozag
Hepliaklqana
Kikubaaqudgha
Makhleb
Nemelex Xobeh
Okawaru
Qazlal
Ru
Sif Muna
Trog
Uskayaw
Xom
Yredelemnul
Zin
The Shining One

Shops:
D:5 [   D:8 [


Innate Abilities, Weirdness & Mutations

You can breathe blasts of fire.
Your fiery red scales are hard. (AC +7)
You cannot fit into any form of body armour.
Your flesh is heat resistant. (rF+)
You are cold-blooded and may be slowed by cold attacks.
You have a pair of small antennae on your head.
Your tail ends in a poisonous barb.
You have sharp toenails.
You are frail. (-10% HP)


Message History

* * * LOW HITPOINT WARNING * * *
You are too berserk!
You hit the queen bee.
You tail-slap the queen bee, but do no damage.
The queen bee is almost dead.
You barely miss the killer bee. You miss the killer bee.
* * * LOW HITPOINT WARNING * * *
You feel sick. The killer bee misses you. The killer bee closely misses you.
You block the killer bee's attack. x2; The queen bee barely misses you.
The killer bee stings you!
* * * LOW HITPOINT WARNING * * *
You closely miss the queen bee.
You claw the queen bee, but do no damage.
You tail-slap the queen bee.
You kill the queen bee!
Trog accepts your kill.
Your Shields skill increases to level 3!
You barely miss the killer bee.
You hit the killer bee but do no damage.
You die...

#...#. #...## .
#....####...
#...†.......
##..yy#...## ##.#y##
.## ##.##y## #..#
####..##yy##....
#.....##@†...#
####.###...###
##.....## . ... #
#..##..#####.. ...
.##.###......... #.(
#...# ##......... #..
###..###...####..#
##..
##....)....#....#
#...
##...###........##...


You could see 6 killer bees.

Vanquished Creatures
  A two-headed ogre (D:7)
  Psyche (D:8)
  A queen bee (D:8)
  Sigmund (D:4)
  Eustachio (D:4)
  4 orc warriors
  2 phantoms
  2 sky beasts
  The ghost of Lanoc the Sneak, an amateur NaAs (D:3)
  2 ice beasts
  A hornet zombie (D:7)
  A black bear (D:8)
  3 ogres
  A centaur (D:8)
  7 bullfrogs
  A gnoll sergeant (D:7)
  2 scorpions
  3 killer bees (D:8)
  A howler monkey (D:5)
  An electric eel (D:7)
  2 crimson imps
  A quasit (D:7)
  A jelly (D:6)
  An orc priest (D:6)
  2 orc wizards
  An iguana (D:7)
  Natasha (thrice) (D:2)
  4 worker ants
  9 gnolls
  17 adders
  7 river rats (Sewer)
  A shadow imp (D:6)
  7 oozes
  An adder skeleton (D:7)
  An adder zombie (D:5)
  3 dart slugs (D:2)
  6 worms
  4 leopard geckos
  20 orcs
  10 ball pythons (Sewer)
  7 bats
  3 giant cockroaches
  6 goblins
  7 hobgoblins
  12 jackals
  5 kobolds
  4 quokkas
  6 frilled lizards
  26 rats
  2 plants
216 creatures vanquished.

Notes
Turn   | Place    | Note
-------+----------+-------------------------------------------
     0 | D:1      | Schiappus the Draconian Berserker began the quest for the Orb.
     0 | D:1      | Reached XP level 1. HP: 19/19 MP: 1/1
    20 | D:1      | Reached XP level 2. HP: 8/26 MP: 2/2
   529 | D:1      | Found an iron altar of Okawaru.
   868 | D:2      | Reached XP level 3. HP: 24/31 MP: 3/3
  1000 | D:2      | Noticed Natasha
  1007 | D:2      | Killed Natasha
  1114 | D:2      | Noticed Natasha
  1122 | D:2      | HP: 2/49 [Natasha/magic dart (2)]
  1128 | D:2      | Killed Natasha
  1128 | D:2      | Reached XP level 4. HP: 3/40 MP: 4/4
  1770 | D:2      | Noticed Natasha
  1793 | D:2      | Killed Natasha
  1793 | D:2      | Reached skill level 4 in Axes
  2416 | D:2      | Reached XP level 5. HP: 42/46 MP: 5/5
  2457 | D:2      | Found a sacrificial altar of Ru.
  2622 | D:3      | Reached skill level 1 in Stealth
  2670 | D:3      | Reached ** piety under Trog
  2791 | D:3      | Found a glowing drain.
  2798 | D:3      | Noticed Lanoc's ghost (amateur NaAs)
  2816 | D:3      | Killed Lanoc's ghost
  2816 | D:3      | Reached XP level 6. HP: 53/53 MP: 6/6
  2851 | Sewer    | Entered a sewer
  2944 | Sewer    | Reached skill level 5 in Axes
  3584 | Sewer    | Reached *** piety under Trog
  3587 | Sewer    | Your scales start taking on a fiery red colour.
  3587 | Sewer    | Reached XP level 7. HP: 60/60 MP: 7/7
  3587 | Sewer    | Gained mutation: Your flesh is heat resistant. (rF+) [Red Draconian growth]
  3682 | Sewer    | Gained mutation: Your magical capacity is low. (-10% MP) [potion of mutation]
  3682 | Sewer    | Gained mutation: You are frail. (-10% HP) [potion of mutation]
  3682 | Sewer    | Gained mutation: You possess an exceptional clarity of mind. [potion of mutation]
  4037 | D:3      | Reached skill level 6 in Axes
  4162 | D:4      | Noticed Eustachio
  4171 | D:4      | Killed Eustachio
  4171 | D:4      | Reached skill level 5 in Fighting
  4210 | D:4      | Lost mutation: You are frail. (-10% HP) [potion of mutation]
  4210 | D:4      | Lost mutation: Your magical capacity is low. (-10% MP) [potion of mutation]
  4210 | D:4      | Gained mutation: You are robust. (+10% HP) [potion of mutation]
  4210 | D:4      | Gained mutation: You have supernaturally acute eyesight. (SInv) [potion of mutation]
  4210 | D:4      | Gained mutation: Your flesh is cold resistant. (rC+) [potion of mutation]
  4212 | D:4      | Noticed Sigmund
  4215 | D:4      | Killed Sigmund
  4215 | D:4      | Reached skill level 5 in Dodging
  4311 | D:4      | Reached skill level 7 in Axes
  4457 | D:4      | Found an opulent altar of Gozag.
  4668 | D:5      | Entered Level 5 of the Dungeon
  4815 | D:5      | Reached XP level 8. HP: 49/74 MP: 8/8
  4827 | D:5      | Gained mutation: You have a pair of small antennae on your head. [mutagenic meat]
  4828 | D:5      | Gained mutation: You are covered in fur. (AC +1) [mutagenic meat]
  4829 | D:5      | Gained mutation: You can translocate small distances at will. [mutagenic meat]
  4831 | D:5      | Lost mutation: You are robust. (+10% HP) [mutagenic meat]
  4832 | D:5      | Lost mutation: You possess an exceptional clarity of mind. [mutagenic meat]
  4883 | D:5      | Found a staircase to the Ecumenical Temple.
  4911 | Temple   | Entered the Ecumenical Temple
  5159 | D:5      | Found Hefatz's Antique Armour Shop.
  5371 | D:5      | Lost mutation: You have a pair of small antennae on your head. [potion of mutation]
  5371 | D:5      | Lost mutation: You can translocate small distances at will. [potion of mutation]
  5371 | D:5      | Lost mutation: You are covered in fur. (AC +1) [potion of mutation]
  5371 | D:5      | Lost mutation: Your flesh is cold resistant. (rC+) [potion of mutation]
  5371 | D:5      | Lost mutation: You have supernaturally acute eyesight. (SInv) [potion of mutation]
  5371 | D:5      | Gained mutation: You have a pair of small horns on your head. [potion of mutation]
  5371 | D:5      | Gained mutation: You can translocate small distances at will. [potion of mutation]
  5371 | D:5      | Gained mutation: You have an increased reservoir of magic. (+10% MP) [potion of mutation]
  5375 | D:5      | Found an iron altar of Okawaru.
  5375 | D:5      | Found an opulent altar of Gozag.
  5378 | D:5      | Found a snail-covered altar of Cheibriados.
  5380 | D:5      | Found a bloodstained altar of Trog.
  5380 | D:5      | Found a shimmering altar of Xom.
  5390 | D:5      | Lost mutation: You can translocate small distances at will. [potion of mutation]
  5390 | D:5      | Lost mutation: You have a pair of small horns on your head. [potion of mutation]
  5390 | D:5      | Lost mutation: You have an increased reservoir of magic. (+10% MP) [potion of mutation]
  5390 | D:5      | Gained mutation: You are agile. (Dex +2) [potion of mutation]
  5390 | D:5      | Gained mutation: Your flesh is very heat resistant. (rF++) [potion of mutation]
  5687 | D:6      | Got a smoking trident
  5688 | D:6      | Identified the +4 trident "Dinwar Fewku" {drain, rC+} (You found it on level 6 of the Dungeon)
  6212 | D:6      | Reached **** piety under Trog
  6216 | D:6      | Reached skill level 1 in Polearms
  6561 | D:6      | Reached skill level 1 in Shields
  6625 | D:6      | Reached skill level 8 in Axes
  6960 | D:7      | Lost mutation: You are agile. (Dex +2) [potion of mutation]
  6960 | D:7      | Lost mutation: Your flesh is very heat resistant. (rF++) [potion of mutation]
  6960 | D:7      | Gained mutation: You have sharp toenails. [potion of mutation]
  6960 | D:7      | Gained mutation: You are frail. (-10% HP) [potion of mutation]
  6960 | D:7      | Gained mutation: You have a pair of small antennae on your head. [potion of mutation]
  6960 | D:7      | Gained mutation: Your tail ends in a poisonous barb. [potion of mutation]
  7150 | D:7      | Reached XP level 9. HP: 67/67 MP: 9/9
  7437 | D:7      | Found a deep blue altar of Sif Muna.
  7572 | D:7      | Noticed a two-headed ogre
  7583 | D:7      | Killed a two-headed ogre
  7583 | D:7      | Reached skill level 9 in Axes
  7654 | D:7      | Reached ***** piety under Trog
  7886 | D:7      | Reached skill level 10 in Axes
  8322 | D:8      | Found Xoucad's Antique Armour Shop.
  8562 | D:8      | Found a shadowy altar of Dithmenos.
  8696 | D:8      | Noticed Psyche
  8706 | D:8      | Killed Psyche
  8706 | D:8      | Reached XP level 10. HP: 77/77 MP: 10/10
  8813 | D:8      | Got a jewelled falchion
  8816 | D:8      | Got an ancient morningstar
  9147 | D:8      | HP: 1/115 [killer bee (9)]
  9148 | D:8      | Succumbed to a queen bee's poison

Skill      XL: |  1  2  3  4  5  6  7  8  9 10 |
---------------+-------------------------------+-----
Dodging        | 3 4 5 6 |  6.8
Fighting       | 4 5 6 7 |  7.3
Axes           | 4 5 7 8 10 | 10.6
Stealth        | 1 2 3 |  3.9
Polearms       | 2 |  2.9
Shields        | 1 2 3 |  3.1

Action                   |  1- 3 |  4- 6 |  7- 9 | 10-12 || total
-------------------------+-------+-------+-------+-------++-------
Melee: Hand axe          |   130 |   205 |   118 |       ||   453
       Tailslap          |    27 |    27 |    55 |     7 ||   116
       Trident           |       |       |    43 |       ||    43
       Broad axe         |       |       |   162 |    33 ||   195
       Kick              |       |       |    44 |     9 ||    53
Invok: Berserk           |     1 |     4 |     4 |     1 ||    10
       Burn Spellbooks   |       |     1 |     2 |     1 ||     4
       Brothers in Arms  |       |       |       |     1 ||     1
 Abil: Breathe Fire      |       |       |    26 |     2 ||    28
  Use: Scroll            |       |       |    19 |       ||    19
       Potion            |       |       |    12 |       ||    12
 Stab: Sleeping          |       |       |     5 |       ||     5
  Eat: Chunk             |     1 |    10 |    31 |     2 ||    44
       Royal jelly       |       |     1 |       |       ||     1
Armor: Skin              |    38 |    73 |    65 |     7 ||   183
Dodge: Dodged            |    69 |   200 |   216 |    30 ||   515
Block: Buckler           |       |       |    56 |    21 ||    77
